 Dungeon Crawl Stone Soup version 0.28-a0-1567-g1695149f81 (webtiles) character file.

Game seed: 7916798491792247367

219 sbbq2022 the Ruffian (level 5, 0/49 HPs)
             Began as a Troll Ice Elementalist on Jan 19, 2022.
             Slain by a gnoll (2 damage)
             ... on level 3 of the Dungeon.
             The game lasted 00:02:59 (1985 turns).

sbbq2022 the Ruffian (Troll Ice Elementalist)       Turns: 1985, Time: 00:03:00

Health: 0/49       AC:  4    Str: 16    XL:     5   Next: 63%
Magic:  5/5        EV: 10    Int: 13    God:
Gold:   77         SH:  0    Dex: 10    Spells: 5/6 levels left

rFire   + . .      SeeInvis .     - Unarmed
rCold   + . .      Faith    .   (no shield)
rNeg    . . .      Spirit   .   a - +0 robe
rPois   +          Reflect  .   (helmet restricted)
rElec   +          Harm     .   (no cloak)
rCorr   +          Rampage  .   (gloves unavailable)
Will    .....                   (boots unavailable)
Stlth   +.........              (no amulet)
HPRegen 0.96/turn               (no ring)
MPRegen 0.09/turn               (no ring)

@: mighty, lethally poisoned (0 -> -5), resistant
A: large, unfitting armour, claws 3, regeneration 1, shaggy fur 1, tough skin 1
a: no special abilities


You were on level 3 of the Dungeon.
You visited 1 branch of the dungeon, and saw 3 of its levels.

You collected 77 gold pieces.

Inventory:

Armour
 a - a +0 robe (worn)
Scrolls
 d - 3 scrolls of teleportation {unknown}
 f - a scroll of magic mapping {unknown}
 h - a scroll of amnesia {unknown}
Potions
 e - a potion of lignification {unknown}
 g - a potion of heal wounds {unknown}
 i - a potion of flight {unknown}
 j - a potion of degeneration {unknown}


   Skills:
 + Level 1.7 Fighting
 + Level 1.8 Armour
 + Level 2.5 Dodging
 - Level 1.0 Stealth
 * Level 3.3 Unarmed Combat
 - Level 1.2 Spellcasting
 - Level 2.9 Ice Magic


You had 5 spell levels left.
You knew the following spells:

 Your Spells              Type           Power      Damage    Failure   Level
a - Freeze                Ice            32%        1d5       9%          1

Your spell library contained the following spells:

 Spells                   Type           Power      Damage    Failure   Level
 Ensorcelled Hibernation  Hex/Ice        8%         N/A       22%         2
 Frozen Ramparts          Ice            16%        1d3       24%         3
 Ozocubu's Armour         Ice            8%         N/A       24%         3
 Passwall                 Tmut/Erth      0%         N/A       38%         2
 Swiftness                Air            0%         N/A       63%         3
 Hailstorm                Conj/Ice       4%         3d4       83%         4


Dungeon Overview and Level Annotations

Branches:
Dungeon (3/15)

Altars:
Nemelex Xobeh
Qazlal

Shops:
D:1 [

Annotations:
D:3 3 runed translucent doors, buddhastalin's ghost, amateur DrBe; lonewolfV2's ghost, amateur MiFi; parzival7114810's ghost, amateur HOFi


Innate Abilities, Weirdness & Mutations

You are too large for most types of armour.
You have claws for hands.
Your natural rate of healing is unusually fast.
You are covered in fur. (AC +1)
You have tough skin. (AC +1)


Message History

You barely miss the gnoll.
The gnoll is heavily wounded.
The gnoll hits you with a +0 spear.
You scratch the gnoll.
The gnoll is severely wounded.
The gnoll closely misses you.
A gnoll comes into view. It is wielding a +0 whip.
You scratch the gnoll.
The gnoll is almost dead.
The gnoll hits you with a +0 spear!
You scratch the gnoll.
You kill the gnoll!
You completely miss the ball python. The ball python barely misses you.
You claw the ball python!
You kill the ball python!
The gnoll shaman calls upon its god to speed up the gnoll.
The gnoll seems to speed up.
The gnoll hits you from afar with a +3 halberd of venom!
You are poisoned.
The gnoll hits you from afar with a +3 halberd of venom!
You are lethally poisoned!
The gnoll shaman barely misses you.
Things that are here:
a +0 spear; a ball python corpse
* * * LOW HITPOINT WARNING * * *
You feel extremely sick.
Unknown command.
* * * LOW HITPOINT WARNING * * *
You feel very sick.
It was a potion of resistance.
You feel protected.
* * * LOW HITPOINT WARNING * * *
You feel very sick.
Unknown command.
It was a potion of might.
You feel very mighty all of a sudden.
* * * LOW HITPOINT WARNING * * *
You feel very sick.
The gnoll hits you from afar with a +3 halberd of venom.
You die...

..... #+## ########
#......###########
+................. .
#......########### #
#......#
..#..####......###########
....ggggg@.[.....>........
..##.####......##########.
######## #. #. #.
........? #.
#♣.......♣########.
#⌠.......⌠#........
♣....WWW♣#.#######


You could see a gnoll shaman and 4 gnolls.

Vanquished Creatures
  An ice beast (D:2)
  An orc wizard (D:3)
  A gnoll (D:3)
  4 adders
  6 orcs
  An endoplasm (D:1)
  3 giant cockroaches
  6 goblins
  4 hobgoblins
  A quokka (D:1)
  11 ball pythons
  10 bats
  3 frilled lizards
  2 kobolds (D:1)
  5 rats
59 creatures vanquished.

Notes
Turn   | Place    | Note
-------+----------+-------------------------------------------
     0 | D:1      | sbbq2022 the Troll Ice Elementalist began the quest for the
                  | Orb.
     0 | D:1      | Reached XP level 1. HP: 16/16 MP: 1/1
    36 | D:1      | Found Couced's Armour Shoppe.
    99 | D:1      | Reached skill level 1 in Unarmed Combat
    99 | D:1      | Reached XP level 2. HP: 26/26 MP: 2/2
   493 | D:2      | Identified the +1 robe "Luycott" {rF- Will+ rCorr Archmagi}
   533 | D:2      | Found a faded altar of an unknown god.
   601 | D:1      | Reached XP level 3. HP: 30/32 MP: 3/3
   868 | D:2      | Reached skill level 1 in Fighting
   868 | D:2      | Reached skill level 1 in Armour
   868 | D:2      | Reached skill level 2 in Unarmed Combat
  1288 | D:2      | Reached XP level 4. HP: 24/41 MP: 4/4
  1330 | D:3      | Found a sparkling altar of Nemelex Xobeh.
  1523 | D:3      | Found a runed translucent gate.
  1523 | D:3      | Found a runed translucent gate.
  1524 | D:3      | Found a runed translucent gate.
  1525 | D:3      | Noticed lonewolfV2's ghost (amateur MiFi)
  1525 | D:3      | Noticed buddhastalin's ghost (amateur DrBe)
  1525 | D:3      | Noticed parzival7114810's ghost (amateur HOFi)
  1753 | D:3      | Found a stormy altar of Qazlal.
  1755 | D:3      | Noticed an ice beast
  1873 | D:2      | Killed an ice beast
  1874 | D:2      | Reached skill level 3 in Unarmed Combat
  1874 | D:2      | Reached XP level 5. HP: 36/49 MP: 5/5
  1985 | D:3      | HP: 2/49 [poisoned by a gnoll]
  1985 | D:3      | Slain by a gnoll

Illustrated notes

Levels and vault maps discovered:
D:1:      co_arrival_hexagon_in_a_hexagon, layout_rooms, serial_shops, shop
D:2:      layout_basic, ebering_ecumenical_altar_sacrificial,
          minmay_stone_trees_small, chequers_serial_rivers_small_3,
          grunt_ministairs_10
D:3:      layout_basic, mainiacjoe_overflow_paths, grunt_qazlal_clouds,
          gammafunk_ghost_cemetery, uniq_crazy_yiuf_cottage

Skill      XL: |  1  2  3  4 |
---------------+-------------+-----
Unarmed Combat | 1 2 3 |  3.3
Fighting       | 1 |  1.7
Armour         | 1 |  1.8
Dodging        | 2 |  2.5
Stealth        | |  1.0
Spellcasting   | |  1.2
Ice Magic      | |  2.9

Action                   |  1- 3 |  4- 6 || total
-------------------------+-------+-------++-------
Melee: Unarmed           |   130 |    78 ||   208
  Use: Potion            |       |     2 ||     2
 Stab: Sleeping          |     3 |     1 ||     4
Armor: Robe              |    54 |    15 ||    69
Dodge: Dodged            |    67 |    43 ||   110

Table legend: (Time is in decaauts)
 A = Elapsed time spent in this place.
 B = Non-inter-level travel time spent in this place.
 C = Inter-level travel time spent in this place.
 D = Time resting spent in this place.
 E = Time spent auto-exploring this place.
 F = Levels seen in this place.
 G = Mean time per level.
                   A        B        C        D        E       F      G
               +--------+--------+--------+--------+--------+-----+--------+
         Total |   1983 |   1924 |     59 |    125 |   1248 |   3 |  661.0 |
       Dungeon |   1983 |   1924 |     59 |    125 |   1248 |   3 |  661.0 |
               +--------+--------+--------+--------+--------+-----+--------+

Top non-repeatable levels by time:
     D:2: 963 daAuts
     D:3: 535 daAuts
     D:1: 484 daAuts
